 Dungeon Crawl Stone Soup version 0.18.1-50-g88ac8fd (webtiles) character file.

1614 ololoev the Thaumaturge (level 8, -3/41 HPs)
             Began as a Deep Elf Earth Elementalist on Dec 2, 2016.
             Shot with a sling bullet by Joseph (7 damage)
             ... on level 7 of the Dungeon.
             The game lasted 00:15:06 (1902 turns).

ololoev the Thaumaturge (DEEE)                      Turns: 1902, Time: 00:15:07

Health: -3/41      AC:  2    Str:  5    XL:     8   Next: 64%
Magic:  24/25      EV: 13    Int: 23    God:
Gold:   297        SH:  0    Dex: 15    Spells: 5 memorised, 15 levels left

rFire  . . .     SeeInvis .     b - 13 stones
rCold  . . .     Gourm    .     j - +0 robe
rNeg   . . .     Faith    .     (no shield)
rPois  .         Spirit   .     (no helmet)
rElec  .         Dismiss  .     (no cloak)
rCorr  .         Reflect  .     (no gloves)
SustAt .         Harm     .     (no boots)
MR     .....                    (no amulet)
Stlth  ++........               (no ring)
                                (no ring)

@: not resistant to hostile enchantments, unstealthy
A: no striking features
a: no special abilities

Inventory:

Hand Weapons
 a - a +2 dagger of venom
 p - a +0 blowgun
 D - a +0 flail of protection
Missiles
 b - 13 stones (in hand)
 q - 4 poisoned needles
 z - 2 throwing nets
Armour
 j - a +0 robe (worn)
Wands
 x - a wand of random effects (21/48)
 E - a wand of digging (1/24)
Scrolls
 e - 2 scrolls of random uselessness {unknown}
 g - 2 scrolls of enchant weapon {unknown}
 h - a scroll of blinking {unknown}
 k - a scroll of magic mapping {unknown}
 l - a scroll of remove curse {unknown}
 n - a scroll of noise {unknown}
 o - a scroll of amnesia {unknown}
 r - 5 scrolls of teleportation {unknown}
 u - a scroll of fog {unknown}
 y - 3 scrolls of identify {unknown}
 B - a scroll of enchant armour {unknown}
 H - a scroll of recharging {unknown}
Potions
 f - a potion of degeneration {unknown}
 m - 2 potions of lignification {unknown}
 s - 2 potions of cancellation {unknown}
 t - 3 potions of curing {unknown}
 v - a potion of mutation {unknown}
 A - a potion of magic {unknown}
 C - a potion of might {unknown}
 F - a potion of resistance {unknown}
Books
 c - a book of Geomancy

   Spells                             Type                      Level
   a - Sandblast                      Earth                        1
   b - Passwall                       Transmutation/Earth          2
   c - Stone Arrow                    Conjuration/Earth            3
   d - Petrify                        Transmutation/Earth          4
   e - Lee's Rapid Deconstruction     Earth                        5
Comestibles
 d - 5 bread rations
 i - 3 meat rations
 w - 4 fruits


   Skills:
 - Level 2.4 Dodging
 - Level 2.4 Stealth
 * Level 11.8 Spellcasting
 - Level 1.1 Transmutations
 + Level 7.6 Earth Magic


You had 15 spell levels left.
You knew the following spells:

 Your Spells              Type           Power        Failure   Level  Hunger
a - Sandblast             Erth           #####.       1%          1    None
b - Stone Arrow           Conj/Erth      ####..       3%          3    None
c - Lee's Rapid Deconstr  Erth           #####.....   8%          5    ####...
d - Petrify               Trmt/Erth      ####....     10%         4    None
w - Passwall              Trmt/Erth      ####......   1%          2    None


You were on level 7 of the Dungeon.
You were not hungry.

You visited 1 branch of the dungeon, and saw 7 of its levels.

You collected 297 gold pieces.

.#############
.....@.@(....#
############.#
#(.#.# #....#
##<### #.# ###

Notes
Turn   | Place    | Note
--------------------------------------------------------------
     0 | D:1      | ololoev the Deep Elf Earth Elementalist began the quest for the Orb.
     0 | D:1      | Reached XP level 1. HP: 10/10 MP: 6/6
    78 | D:1      | Reached XP level 2. HP: 15/15 MP: 3/8
    79 | D:1      | Found a sparkling altar of Nemelex Xobeh.
   199 | D:2      | Reached skill level 4 in Spellcasting
   211 | D:2      | Reached XP level 3. HP: 19/19 MP: 6/10
   215 | D:2      | Learned a level 2 spell: Passwall
   219 | D:2      | Learned a level 3 spell: Stone Arrow
   221 | D:2      | Noticed Sigmund
   236 | D:2      | Killed Sigmund
   236 | D:2      | Reached skill level 6 in Spellcasting
   236 | D:2      | Reached XP level 4. HP: 23/24 MP: 3/14
   236 | D:2      | Reached XP level 5. HP: 27/28 MP: 3/16
   319 | D:3      | Noticed Terence
   355 | D:3      | Killed Terence
   355 | D:3      | Reached skill level 5 in Earth Magic
   566 | D:4      | Noticed an ogre
   569 | D:4      | Killed an ogre
   569 | D:4      | Reached skill level 7 in Spellcasting
   569 | D:4      | Reached XP level 6. HP: 29/32 MP: 14/18
   576 | D:4      | Learned a level 5 spell: Lee's Rapid Deconstruction
   581 | D:4      | Learned a level 4 spell: Petrify
   633 | D:5      | Entered Level 5 of the Dungeon
   681 | D:6      | Reached skill level 8 in Spellcasting
   696 | D:7      | Reached XP level 7. HP: 36/36 MP: 7/21
   815 | D:6      | Reached skill level 9 in Spellcasting
  1003 | D:5      | Reached skill level 10 in Spellcasting
  1227 | D:4      | Reached XP level 8. HP: 41/41 MP: 21/24
  1410 | D:4      | Found a basalt altar of Yredelemnul.
  1485 | D:4      | Found a sacrificial altar of Ru.
  1489 | D:4      | Found a shimmering altar of Xom.
  1490 | D:4      | Found a stormy altar of Qazlal.
  1492 | D:4      | Found a shattered altar of Ashenzari.
  1653 | D:4      | Noticed Edmund
  1675 | D:4      | Killed Edmund
  1742 | D:5      | Found an oddly glowing altar of Pakellas.
  1749 | D:5      | Noticed ololoev's ghost (novice DEEE)
  1754 | D:5      | Killed ololoev's ghost
  1754 | D:5      | Reached skill level 11 in Spellcasting
  1898 | D:7      | Noticed Joseph
  1902 | D:7      | Shot with a sling bullet by Joseph

Dungeon Overview and Level Annotations

Branches:
Dungeon (7/15)
 Temple: D:4-7

Altars:
Ashenzari
Nemelex Xobeh
Pakellas
Qazlal
Ru
Xom
Yredelemnul

Annotations:
D:7 Joseph


Message History

The adder is almost dead.
The adder barely misses you.
Casting: Sandblast
Confirm with . or Enter, or press ? or * to list all spells.
Aiming: Sandblast
Press: ? - help, Shift-Dir - straight line, f/p - adder
Aim: an adder (almost dead)
The rocky blast hits the adder.
You kill the adder!
A giant frog and a howler monkey come into view.
Found a scroll labeled GUHAEDO ZOMNU.
The howler monkey howls!
The howler monkey hoots and howls with incredible vigour!
Casting: Sandblast
Confirm with . or Enter, or press ? or * to list all spells.
Aiming: Sandblast
Press: ? - help, Shift-Dir - straight line, f - giant frog
Aim: a giant frog The rocky blast misses the giant frog.
Casting: Sandblast
Confirm with . or Enter, or press ? or * to list all spells.
Aiming: Sandblast
Press: ? - help, Shift-Dir - straight line, f/p - giant frog
Aim: a giant frog The rocky blast hits the giant frog.
The giant frog is severely wounded.
The giant frog closely misses you.
Casting: Sandblast
Confirm with . or Enter, or press ? or * to list all spells.
Aiming: Sandblast
Press: ? - help, Shift-Dir - straight line, f/p - giant frog
Aim: a giant frog (severely wounded)
The rocky blast hits the giant frog.
You kill the giant frog!
The howler monkey hoots and howls with incredible vigour!
Casting: Sandblast
Confirm with . or Enter, or press ? or * to list all spells.
Aiming: Sandblast
Press: ? - help, Shift-Dir - straight line, f - howler monkey
Aim: a howler monkey (catching its breath)
The rocky blast hits the howler monkey.
You kill the howler monkey!
Casting: Sandblast
Confirm with . or Enter, or press ? or * to list all spells.
You can't see any susceptible monsters within range! (Use Z to cast anyway.)
You see here a howler monkey corpse.
You butcher the howler monkey corpse.
G - a chunk of flesh
H - a scroll labeled GUHAEDO ZOMNU
Casting: Sandblast
Confirm with . or Enter, or press ? or * to list all spells.
Which direction?
This rock feels extremely deep.
Unknown command.
You are feeling hungry.
Eat a chunk of flesh? (ye/n/q/i?) This raw flesh tastes terrible.
You continue eating. x2
Found 11 gold pieces.
You now have 297 gold pieces (gained 11).
There is a stone staircase leading down here.
You climb downwards.
There is a stone staircase leading up here.
Joseph, a Mercenary comes into view.
He is wielding a quarterstaff of speed.
Joseph unwields an uncursed quarterstaff of speed.
Joseph wields a glowing hunting sling.
It bursts into flame!
Joseph shoots a sling bullet.
The sling bullet hits you! The sling bullet burns you.
You see here a sling bullet.
Casting: Passwall
Confirm with . or Enter, or press ? or * to list all spells.
Aiming: Sandblast
Press: ? - help, Shift-Dir - straight line, f - Joseph
Aim: Joseph, wielding a hunting sling of flaming and wearing a ring mail The rocky blast hits Joseph.
Joseph is lightly wounded.
Joseph shoots a sling bullet.
The sling bullet hits you!!
Ouch! That really hurt!
The sling bullet burns you!
You die...

You could see Joseph.

Vanquished Creatures
  The ghost of ololoev the Thaumaturge, a novice DEEE of Vehumet (D:5)
  Sigmund (D:2)
  Edmund (D:4)
  An ice beast (D:6)
  A phantom (D:4)
  An ogre (D:4)
  A centaur (D:7)
  4 giant frogs (D:6)
  A scorpion (D:6)
  A howler monkey (D:6)
  A crimson imp (D:5)
  A centaur skeleton (D:6)
  3 hounds
  A giant frog skeleton (D:5)
  Terence (D:3)
  2 worker ants (D:5)
  A howler monkey skeleton (D:4)
  5 adders
  A shadow imp (D:6)
  3 oozes
  An adder skeleton (D:4)
  3 worms
  2 dart slugs (D:1)
  6 giant geckos
  10 orcs
  2 giant cockroaches
  3 hobgoblins
  4 kobolds
  A ball python (D:3)
  A giant gecko skeleton (D:6)
  A giant newt (D:4)
  7 goblins
  A quokka skeleton (D:6)
  4 rats
78 creatures vanquished.

Action                   |  1- 3 |  4- 6 |  7- 9 || total
-------------------------+-------+-------+-------++-------
Melee: Dagger            |     1 |    11 |       ||    12
 Fire: Blowgun           |       |     5 |       ||     5
 Cast: Sandblast         |    19 |    43 |    60 ||   122
       Stone Arrow       |       |     1 |     4 ||     5
       Passwall          |       |       |     4 ||     4
       Lee's Rapid Decon |       |       |     4 ||     4
       Petrify           |       |       |     1 ||     1
  Eat: Chunk             |       |       |     4 ||     4
Armor: Robe              |       |     3 |     1 ||     4
Dodge: Dodged            |     1 |    16 |    19 ||    36

Vault maps used:
D:1:      dpeg_chamrin_arrival_tetris, serial_park_tiny_2,
          nemelex_diamond_rough_becter
D:2:      uniq_sigmund
D:3:      uniq_terence
D:4:      minitemple, lemuel_crystal_altar, first_bread, grunt_ministairs_11,
          uniq_edmund
D:5:      johnstein_pakellas_dig
D:6:      minmay_crystal_room, patterned_corridor
D:7:      minmay_temple_entry_statues_fountains, uniq_joseph
